 Dungeon Crawl Stone Soup version 0.18.1-6-gd335043 (webtiles) character file.

728 Jerry the Skirmisher (level 7, 0/62 HPs)
             Began as a Mottled Draconian Fighter on May 15, 2016.
             Slain by a quokka (3 damage)
             ... on level 4 of the Dungeon.
             The game lasted 00:16:42 (4364 turns).

Jerry the Skirmisher (Mottled Draconian Fighter)    Turns: 4364, Time: 00:16:42

Health: 0/62       AC:  7    Str: 19    XL:     7   Next: 44%
Magic:  7/7        EV: 13    Int:  9    God:
Gold:   97         SH:  5    Dex: 11    Spells: 0 memorised, 6 levels left

rFire  . . .     SeeInvis .     a - +1 flail
rCold  . . .     Gourm    .     (armour unavailable)
rNeg   . . .     Faith    .     g - +0 buckler
rPois  .         Spirit   .     (helmet restricted)
rElec  .         Dismiss  .     l - +0 cloak
rCorr  +         Reflect  .     (no gloves)
SustAt .         Harm     .     (no boots)
MR     .....                    (no amulet)
Stlth  +.........               (no ring)
                                q - ring of resist corrosion

@: not resistant to hostile enchantments, very unstealthy
A: breathe sticky flame splash, unfitting armour, cold-blooded, AC +6
a: Breathe Sticky Flame


You were on level 4 of the Dungeon.
You were hungry.

You visited 1 branch of the dungeon, and saw 4 of its levels.

You collected 97 gold pieces.

Inventory:

Hand Weapons
 a - a +1 flail (weapon)
Armour
 b - a +0 shield
 g - a +0 buckler (worn)
 l - a +0 cloak (worn)
Jewellery
 q - a ring of resist corrosion (left hand)
Wands
 c - a wand of polymorph (7/24)
 s - a wand of lightning (4/15)
Scrolls
 e - a scroll of amnesia
 j - 4 scrolls of remove curse
 n - a scroll of blinking
 t - a scroll of noise {unknown}
Potions
 k - a potion of berserk rage {unknown}
 m - 2 potions of invisibility {unknown}
 o - a potion of curing {unknown}
 p - 3 potions of heal wounds {unknown}
 u - a potion of haste {unknown}
Comestibles
 d - 2 bread rations
 f - a meat ration
 h - 2 beef jerkies
 i - 4 fruits
 v - a slice of pizza


   Skills:
 + Level 5.6 Fighting
 + Level 4.5 Maces & Flails
 + Level 4.3 Dodging
 + Level 5.2 Shields


You had 6 spell levels left.
You didn't know any spells.

Dungeon Overview and Level Annotations

Branches:
Dungeon (4/15)             Temple (0/1) D:4

Altars:
Fedhas
Kikubaaqudgha


Innate Abilities, Weirdness & Mutations

You can spit globs of burning liquid.
You can ignite nearby creatures when you spit burning liquid.
Your weird mottled scales are hard (AC +6).
Your body does not fit into most forms of armour.
You are cold-blooded and may be slowed by cold attacks.


Message History

The quokka bites you but does no damage.
You block the quokka's attack. The quokka bites you.
* * * LOW HITPOINT WARNING * * *
You block the quokka's attack. The quokka barely misses you.
The quokka bites you but does no damage.
The quokka bites you but does no damage. x2
You block the quokka's attack. The quokka barely misses you.
The quokka bites you.
* * * LOW HITPOINT WARNING * * *
The quokka bites you but does no damage.
The quokka bites you but does no damage.
The quokka barely misses you. The quokka closely misses you.
You block the quokka's attack. The quokka closely misses you.
The quokka bites you.
You die...

#.# #.# #.#
#.# #.#
#.####
#....######
♣#♣.♣.......
#...@r####
♣.♣#♣....<#
#. .##### ♣
.# .# .# .#
..


You could see a quokka.

Vanquished Creatures
  Grinder (D:4)
  Menkaure (D:4)
  The ghost of dracos369 the Chiller, an amateur DEIE (D:4)
  A scorpion (D:4)
  The ghost of murphy the Grave Robber, a weakling CeNe (D:3)
  A hound (D:4)
  A giant frog skeleton (D:4)
  An iguana (D:3)
  8 adders
  2 worms
  A dart slug (D:4)
  6 giant geckos
  3 orcs (D:3)
  10 giant cockroaches
  5 hobgoblins
  7 jackals
  A quokka (D:2)
  15 bats
  A giant gecko skeleton (D:4)
  4 giant newts
  12 goblins
  5 kobolds
  7 rats
  A butterfly (D:4)
96 creatures vanquished.

Notes
Turn   | Place    | Note
--------------------------------------------------------------
     0 | D:1      | Jerry the Draconian Fighter began the quest for the Orb.
     0 | D:1      | Reached XP level 1. HP: 19/19 MP: 1/1
    65 | D:1      | Reached XP level 2. HP: 25/27 MP: 2/2
   397 | D:1      | Reached XP level 3. HP: 33/33 MP: 3/3
  1013 | D:2      | Reached XP level 4. HP: 40/40 MP: 4/4
  1855 | D:3      | Noticed murphy's ghost (weakling CeNe)
  1868 | D:3      | Killed murphy's ghost
  1868 | D:3      | Reached XP level 5. HP: 31/46 MP: 5/5
  2708 | D:3      | Found an ancient bone altar of Kikubaaqudgha.
  2711 | D:3      | Found a blossoming altar of Fedhas.
  3179 | D:4      | Noticed dracos369's ghost (amateur DEIE)
  3419 | D:4      | Killed dracos369's ghost
  3419 | D:4      | Reached XP level 6. HP: 23/55 MP: 6/6
  3620 | D:4      | Found a staircase to the Ecumenical Temple.
  3674 | D:4      | Reached skill level 5 in Fighting
  3770 | D:4      | Noticed Grinder
  3805 | D:4      | Killed Grinder
  3805 | D:4      | Reached skill level 5 in Shields
  3805 | D:4      | Your scales start taking on a weird mottled colour.
  3805 | D:4      | Reached XP level 7. HP: 51/61 MP: 7/7
  3848 | D:4      | Noticed Menkaure
  3854 | D:4      | Killed Menkaure
  4347 | D:4      | HP: 3/62 [quokka (4)]
  4358 | D:4      | HP: 2/62 [quokka (1)]
  4364 | D:4      | Slain by a quokka

Skill      XL: |  1  2  3  4  5  6 |
---------------+-------------------+-----
Dodging        | 3 4 |  4.3
Fighting       | 4 5 |  5.6
Maces & Flails | 3 4 |  4.5
Shields        | 4 5 |  5.2

Action                   |  1- 3 |  4- 6 |  7- 9 || total
-------------------------+-------+-------+-------++-------
Melee: Flail             |   127 |   235 |    12 ||   374
       Tailslap          |    11 |    18 |     2 ||    31
       Unarmed           |       |     2 |       ||     2
Evoke: Wand              |       |     1 |       ||     1
  Use: Potion            |       |     1 |       ||     1
       Scroll            |       |     7 |       ||     7
 Stab: Sleeping          |     1 |       |       ||     1
  Eat: Chunk             |     1 |     9 |     1 ||    11
Armor: Skin              |    55 |    95 |    87 ||   237
Dodge: Dodged            |    74 |   168 |   193 ||   435
Block: Shield            |    32 |       |       ||    32
       Buckler           |    17 |    71 |    78 ||   166
